 Dungeon Crawl Stone Soup version 0.22.1-2-g9c5b331 (webtiles) character file.

261 Heatsaber the Skirmisher (level 6, -5/33 HPs)
             Began as a Vine Stalker Fighter on Dec 29, 2018.
             Was a Believer of Zin.
             Slain by an ogre
             ... wielding a +0 giant club
              (16 damage)
             ... on level 4 of the Dungeon.
             The game lasted 00:12:44 (2635 turns).

Heatsaber the Skirmisher (Vine Stalker Fighter)     Turns: 2635, Time: 00:12:45

Health: -5/33      AC: 10    Str: 19    XL:     6   Next: 18%
Magic:  0/7        EV:  5    Int:  9    God:    Zin [**....]
Gold:   233        SH: 10    Dex: 14    Spells: 5/5 levels left

rFire    . . .     SeeInvis .   a - +0 rapier
rCold    . . .     Gourm    .   c - +1 shield
rNeg     . . .     Faith    .   r - +0 chain mail
rPois    .         Spirit   +   (no helmet)
rElec    .         Reflect  .   (no cloak)
rCorr    .         Harm     .   q - +0 pair of gloves
MR       .....                  (no boots)
Stlth    ..........             (no amulet)
HPRegen  0.51/turn              (no ring)
MPRegen  0.10/turn              (no ring)

@: no status effects
A: fangs 2, regeneration 1, magic shield, antimagic bite, no potion heal 3, rot
immunity
a: Recite, Vitalisation, Donate Gold, Renounce Religion


You were on level 4 of the Dungeon.
You worshipped Zin.
Zin was pleased with you.
You were not hungry.

You visited 1 branch of the dungeon, and saw 4 of its levels.

You collected 258 gold pieces.
You donated 25 gold pieces to Zin.

Inventory:

Hand Weapons
 a - a +0 rapier (weapon)
Missiles
 k - 2 needles of confusion
 l - 21 poisoned needles
Armour
 b - a +0 scale mail
 c - a +1 shield (worn)
 q - a +0 pair of gloves (worn)
 r - a +0 chain mail (worn)
Wands
 o - a wand of iceblast (11)
 s - a wand of paralysis (15)
Scrolls
 e - 2 scrolls of remove curse
 g - a scroll of enchant weapon {unknown}
 j - 2 scrolls of enchant armour
 m - a scroll of fog
 p - a scroll of fear {unknown}
 u - a scroll of identify
Potions
 d - a potion of might
 h - a potion of degeneration {unknown}
 i - a potion of resistance
 n - a potion of curing {unknown}
 t - a potion of magic {unknown}
Comestibles
 f - 6 rations


   Skills:
 + Level 3.8 Fighting
 + Level 3.1 Short Blades
 + Level 3.4 Armour
 + Level 3.8 Shields
 + Level 0.0 Invocations


You had 5 spell levels left.
You didn't know any spells.
Your spell library was empty.

Dungeon Overview and Level Annotations

Branches:
Dungeon (4/15)
 Temple: D:4-7

Altars:
Ashenzari
Elyvilon
Fedhas
Trog
Zin


Innate Abilities, Weirdness & Mutations

You have extremely sharp teeth.
Your natural rate of healing is unusually fast.
When hurt, damage is shared between your health and your magic reserves.
Your bite disrupts and absorbs the magic of your enemies.
Potions cannot restore your health.
You are immune to rotting.


Message History

Your shield prevents you from hitting the ogre.
The ogre is heavily wounded.
The ogre hits you with a giant club!!
Ouch! That really hurt!
You are too injured to fight recklessly!
You are too injured to fight recklessly!
You are too injured to fight recklessly!
You are too injured to fight recklessly!
You are too injured to fight recklessly!
You puncture the ogre! You bite the ogre. You drain its power.
You feel invigorated.
The ogre is severely wounded.
The ogre hits you with a giant club.
You barely miss the ogre. You bite the ogre, but do no damage.
The ogre is severely wounded.
An orc comes into view. It is wielding a flail.
You hit the ogre. You bite the ogre, but do no damage.
The ogre is almost dead.
The ogre hits you with a giant club!!
You die...

#...........)...
..
#####...........
#.# #...........
.. #...........
#.## #...........
..# #...........
#.# #...########
########.####...#
###
......O@.......^#
#..
....o####.###.#.#
#.. ... #..##.#.#
#.. . ##.##.#.#
#.. ....#.# #..
#.### #.. .. #..
..# #.. #.# ####


You could see an ogre and an orc.

Vanquished Creatures
  An ogre (D:3)
  A crimson imp (D:3)
  4 adders
  5 worms
  2 dart slugs (D:1)
  4 leopard geckos
  3 orcs
  7 bats
  5 giant cockroaches
  6 hobgoblins
  10 jackals
  A ball python (D:3)
  7 frilled lizards
  14 goblins
  3 kobolds
  7 rats
80 creatures vanquished.

Vanquished Creatures (others)
  A rat (D:1)
1 creature vanquished.

Grand Total: 81 creatures vanquished

Notes
Turn   | Place    | Note
-------+----------+-------------------------------------------
     0 | D:1      | Heatsaber the Vine Stalker Fighter began the quest for the
                  | Orb.
     0 | D:1      | Reached XP level 1. HP: 11/11 MP: 2/2
   123 | D:1      | Reached XP level 2. HP: 12/16 MP: 3/3
   614 | D:1      | Reached XP level 3. HP: 15/20 MP: 4/4
  1200 | D:2      | Found a shattered altar of Ashenzari.
  1205 | D:2      | Found a glowing silver altar of Zin.
  1205 | D:2      | Found a blossoming altar of Fedhas.
  1205 | D:2      | Found a white marble altar of Elyvilon.
  1222 | D:2      | Found a bloodstained altar of Trog.
  1235 | D:2      | Became a worshipper of Zin the Law-Giver
  1235 | D:2      | Reached * piety under Zin
  1463 | D:2      | Gained mutation: Your natural rate of healing is unusually
                  | fast. [Vine Stalker growth]
  1463 | D:2      | Reached XP level 4. HP: 21/24 MP: 5/5
  1937 | D:3      | Reached XP level 5. HP: 28/28 MP: 6/6
  2007 | D:3      | Reached ** piety under Zin
  2330 | D:4      | Noticed an ogre
  2403 | D:3      | Killed an ogre
  2403 | D:3      | Reached XP level 6. HP: 18/33 MP: 4/7
  2635 | D:4      | Slain by an ogre

Skill      XL: |  1  2  3  4  5 |
---------------+----------------+-----
Short Blades   | 2 3 |  3.1
Fighting       | 3 |  3.8
Shields        | 3 |  3.8
Armour         | 3 |  3.4

Action                   |  1- 3 |  4- 6 || total
-------------------------+-------+-------++-------
Melee: Rapier            |    92 |   164 ||   256
       Bite              |    26 |    50 ||    76
Invok: Recite            |       |     3 ||     3
  Use: Scroll            |     4 |     2 ||     6
  Eat: Chunk             |     1 |     5 ||     6
Armor: Scale mail        |    40 |    58 ||    98
       Chain mail        |       |    33 ||    33
Dodge: Dodged            |    19 |    38 ||    57
Block: Shield            |    50 |   104 ||   154
